 Dungeon Crawl Stone Soup version 0.19.1-1-g22dce08 (webtiles) character file.

35 Gargoyl the Skirmisher (level 3, -1/31 HPs)
             Began as a Ghoul Abyssal Knight on Dec 28, 2016.
             Was a Follower of Lugonu.
             Slain by Natasha (7 damage)
             ... on level 2 of the Dungeon.
             The game lasted 00:03:21 (940 turns).

Gargoyl the Skirmisher (Ghoul Abyssal Knight)        Turns: 940, Time: 00:03:22

Health: -1/31      AC:  7    Str: 20    XL:     3   Next: 35%
Magic:  4/4        EV: 10    Int:  7    God:    Lugonu [*.....]
Gold:   127        SH:  0    Dex:  9    Spells: 0 memorised, 2 levels left

rFire  . . .     SeeInvis .     a - +1 hand axe
rCold  + . .     Gourm    .     h - +0 scale mail
rNeg   + + +     Faith    .     (no shield)
rPois  ∞         Spirit   .     (no helmet)
rElec  .         Reflect  .     f - +0 cloak
rCorr  .         Harm     .     (no gloves)
MR     .....                    (no boots)
Stlth  ..........               (no amulet)
                                (no ring)
                                (no ring)

@: mighty, rotting
A: rotting body, claws 1, carnivore 3, cold resistance 1, negative energy
resistance 3, slow regeneration 1, torment resistance, unbreathing
a: Depart the Abyss, Renounce Religion


You were on level 2 of the Dungeon.
You worshipped Lugonu.
Lugonu was aware of your devotion.
You were not hungry.

You visited 1 branch of the dungeon, and saw 2 of its levels.
You visited the Abyss 1 time.

You collected 127 gold pieces.

Inventory:

Hand Weapons
 a - a +1 hand axe (weapon)
Armour
 b - a +0 leather armour
 f - a +0 cloak (worn)
 h - a +0 scale mail (worn)
Scrolls
 d - 2 scrolls of teleportation {unknown}
 e - a scroll of silence {unknown}
 g - 2 scrolls of amnesia {unknown}
 k - a scroll of identify {unknown}
 l - a scroll of enchant armour {unknown}
 o - a scroll of remove curse {unknown}
Potions
 n - a potion of heal wounds {unknown}
 p - a potion of beneficial mutation {unknown}
Comestibles
 c - a meat ration
 m - a slice of pizza


   Skills:
 + Level 3.4 Fighting
 + Level 2.1 Axes
 * Level 2.2 Armour
 + Level 1.1 Dodging
 * Level 2.7 Invocations


You had 2 spell levels left.
You didn't know any spells.

Dungeon Overview and Level Annotations

Branches:
Dungeon (2/15)

Altars:

Annotations:
D:2 Natasha


Innate Abilities, Weirdness & Mutations

Your body is rotting away.
You thrive on raw meat.
You are immune to poison.
You have sharp fingernails.
You are carnivorous and can eat meat at any time.
Your flesh is cold resistant. (rC+)
You are immune to negative energy. (rN+++)
You regenerate slowly when monsters are visible.
You are immune to unholy pain and torment.
You can survive without breathing.


Message History

Natasha is lightly wounded.
You closely miss the adder. Natasha closely misses you.
The adder closely misses you. Natasha claws you.
You hit Natasha but do no damage.
Natasha is lightly wounded.
You closely miss the adder. The adder bites you but does no damage.
The adder bites you. Natasha claws you.
* * * LOW HITPOINT WARNING * * *
Unknown command.
You barely miss Natasha.
Natasha is lightly wounded.
You closely miss the adder. The adder bites you but does no damage.
Natasha claws you but does no damage.
Unknown command.
It was a potion of might.
You feel very mighty all of a sudden. The adder bites you.
* * * LOW HITPOINT WARNING * * *
Natasha claws you!
You die...

#.# ... #.#
#.### #.#..
#.#.# #h#.#
#######@#<##
.....gS....#
####.#####.#
# #.# #.#
#># #.. ..#
###


You could see Natasha, an adder and a goblin.

Vanquished Creatures
  3 oozes (D:1)
  A leopard gecko (D:1)
  3 goblins (D:1)
  A hobgoblin (D:1)
  3 jackals (D:1)
  A kobold (D:1)
  3 bats (D:1)
  2 frilled lizards (D:1)
  5 rats (D:1)
22 creatures vanquished.

Vanquished Creatures (others)
  A lurking horror (Abyss:3)
1 creature vanquished.

Grand Total: 23 creatures vanquished

Notes
Turn   | Place    | Note
-------+----------+-------------------------------------------
     0 | Abyss:1  | Gargoyl the Ghoul Abyssal Knight began the quest for the Orb.
     0 | Abyss:1  | Reached XP level 1. HP: 19/19 MP: 1/1
    16 | Abyss:2  | Found a corrupted altar of Lugonu.
   137 | Abyss:3  | Noticed a shadow dragon simulacrum
   137 | Abyss:3  | Noticed an iron imp
   167 | Abyss:3  | Noticed a red very ugly thing
   169 | Abyss:3  | Noticed a rakshasa
   171 | D:1      | Escaped the Abyss
   196 | D:1      | Reached XP level 2. HP: 25/25 MP: 2/2
   249 | D:1      | Reached * piety under Lugonu
   250 | D:1      | Reached skill level 1 in Dodging
   562 | D:1      | Reached XP level 3. HP: 31/31 MP: 3/3
   931 | D:2      | Noticed Natasha
   940 | D:2      | Slain by Natasha

Skill      XL: |  1  2 |
---------------+-------+-----
Axes           | 2 |  2.1
Armour         | 2 |  2.2
Dodging        | 1 |  1.1
Fighting       | |  3.4
Invocations    | |  2.7

Action                   || total
-------------------------++-------
Melee: Hand axe          ||    81
Invok: Depart the Abyss  ||     1
  Use: Potion            ||     1
  Eat: Chunk             ||     6
Armor: Scale mail        ||    56
Dodge: Dodged            ||    59
